 Dungeon Crawl Stone Soup version 0.30-b1-2-g02819fbbbe (webtiles) character file.

Game seed: 10244742702268621017

151 Sassenached the Twirler (level 4, -2/38 HPs)
             Began as a Demigod Wanderer on May 17, 2023.
             Slain by an ogre
             ... wielding a +0 giant club
              (12 damage)
             ... on level 3 of the Dungeon.
             The game lasted 00:02:30 (2045 turns).

Sassenached the Twirler (Demigod Wanderer)          Turns: 2045, Time: 00:02:32

Health: -2/38      AC:  6    Str: 21 (22) XL:     4   Next: 86%
Magic:  3/8        EV: 12    Int: 10 (13) God:
Gold:   147        SH:  0    Dex: 16      Spells: 4/5 levels left

rFire   . . .        a - +2 hammer of Guiwear {heavy, Contam Str+7 SInv Stlth+}
rCold   . . .        (no shield)
rNeg    . . .        g - +0 leather armour
rPois   .            b - +0 helmet
rElec   .            e - +1 cloak
rCorr   .            (no gloves)
SInv    +            (no boots)
Will    .....        (no amulet)
Stlth   +++          (no ring)
HPRegen 0.26/turn    (no ring)
MPRegen 0.11/turn

%: no passive effects
@: very slightly contaminated
A: high MP 1, forlorn, divine attributes
a: no special abilities


You were on level 3 of the Dungeon.
You visited 1 branch of the dungeon, and saw 3 of its levels.

You collected 147 gold pieces.

Inventory:

Hand Weapons
 a - the +2 hammer of Guiwear (weapon) {heavy, Contam Str+7 SInv Stlth+}
   (You found it on level 2 of the Dungeon)

   Str:       It affects your strength (+7).
   SInv:      It lets you see invisible.
   Contam:    It causes magical contamination when unequipped.
   Stlth:     It makes you more stealthy.
 d - a +2 quarterstaff
Armour
 b - a +0 helmet (worn)
 e - a +1 cloak (worn)
 g - a +0 leather armour (worn)
 l - a +0 helmet
Jewellery
 k - a ring of protection from cold
Scrolls
 c - 2 scrolls of fog
 f - 3 scrolls of identify {unknown}
 i - a scroll of enchant armour {unknown}
 j - a scroll of teleportation {unknown}
Potions
 h - 2 potions of curing


   Skills:
 + Level 3.5 Fighting
 * Level 2.2(3.7) Maces & Flails
 - Level 4.5(4.8) Staves
 - Level 1.7 Dodging
 - Level 1.0 Stealth
 - Level 1.0 Spellcasting
 - Level 1.0 Air Magic


You had 4 spell levels left.
You knew the following spells:

 Your Spells              Type           Power      Damage    Failure   Level
a - Shock                 Conj/Air       4%         1d3       32%         1

Your spell library contained the following spells:

 Spells                   Type           Power      Damage    Failure   Level
 Swiftness                Air            2%         N/A       61%         3


Dungeon Overview and Level Annotations

Branches:
Dungeon (3/15)


Innate Abilities, Weirdness & Mutations

You have an increased reservoir of magic. (+10% MP)
You shall have no god before yourself.
Your divine heritage dramatically boosts your attributes as you level up.


Message History

The ogre shouts!
Casting: Shock (safe; 32% risk of failure)
Confirm with . or Enter, or press ? or * to list all spells.
Aiming: Shock (safe; 32% risk of failure)
Press: ? - help, Shift-Dir - straight line, f/p - ogre
Aim: an ogre, wielding a +0 giant club (lightly wounded, 83% to hit)
You miscast Shock.
You are very lightly contaminated with residual magic.
Nothing appears to happen.
Casting: Shock (safe; 32% risk of failure)
Confirm with . or Enter, or press ? or * to list all spells.
Aiming: Shock (safe; 32% risk of failure)
Press: ? - help, Shift-Dir - straight line, f/p - ogre
Aim: an ogre, wielding a +0 giant club (lightly wounded, 83% to hit)
The zap hits the ogre.
The ogre is lightly wounded.
Casting: Shock (safe; 32% risk of failure)
Confirm with . or Enter, or press ? or * to list all spells.
Aiming: Shock (safe; 32% risk of failure)
Press: ? - help, Shift-Dir - straight line, f/p - ogre
Aim: an ogre, wielding a +0 giant club (lightly wounded, 83% to hit)
The zap hits the ogre.
The ogre is moderately wounded.
Casting: Shock (safe; 32% risk of failure)
Confirm with . or Enter, or press ? or * to list all spells.
Aiming: Shock (safe; 32% risk of failure)
Press: ? - help, Shift-Dir - straight line, f/p - ogre
Aim: an ogre, wielding a +0 giant club (moderately wounded, 83% to hit)
The zap hits the ogre.
The ogre is moderately wounded.
You thump the ogre!
The ogre is heavily wounded.
The ogre barely misses you.
You hit the ogre.
The ogre is severely wounded.
The ogre hits you with a +0 giant club!!
Ouch! That really hurt!
* * * LOW HITPOINT WARNING * * *
The ogre hits you with a +0 giant club!
You die...

#... #..........
#... #..........
#... #..........
+... +..........
#...##.........
######...........
..........O..#
........†.@..# .
......#†#....#
..####+##.#....#
....##....#######..
#................
###......########
#####†.##.#####
.........#.....#
...............#


You could see an ogre.

Vanquished Creatures
  Crazy Yiuf (D:2)
  A sleepcap (D:3)
  4 adders
  A dart slug (D:1)
  5 orcs
  6 ball pythons
  3 bats
  2 endoplasms (D:1)
  3 giant cockroaches
  3 goblins
  4 hobgoblins
  4 jackals (D:1)
  7 kobolds
  2 quokkas
  2 frilled lizards
  7 rats
55 creatures vanquished.

Notes
Turn   | Place    | Note
-------+----------+-------------------------------------------
     0 | D:1      | Sassenached the Demigod Wanderer began the quest for the
                  | Orb.
     0 | D:1      | Sassenached set off with the following items: a +2
                  | quarterstaff, a +0 helmet, a scroll of fog, a +0 robe; and
                  | the following spell memorised: Shock; and the following
                  | spells available to memorise: Swiftness.
     0 | D:1      | Reached XP level 1. HP: 14/14 MP: 4/4
    61 | D:1      | You fall into a shaft and drop 1 floor!
   195 | D:1      | Reached skill level 1 in Fighting
   381 | D:1      | Reached XP level 2. HP: 23/23 MP: 5/5
   934 | D:2      | Reached XP level 3. HP: 30/30 MP: 6/6
  1105 | D:2      | Identified the +2 hammer of Guiwear {heavy, Contam Str+7
                  | SInv Stlth+}
  1114 | D:2      | Found a runed translucent door.
  1115 | D:2      | Noticed Crazy Yiuf
  1665 | D:2      | Killed Crazy Yiuf
  1666 | D:2      | Reached skill level 1 in Maces & Flails
  1666 | D:2      | Reached XP level 4. HP: 38/38 MP: 8/8
  1755 | D:3      | Noticed an ogre
  2045 | D:3      | Slain by an ogre

Illustrated notes

Levels and vault maps discovered:
D:1:      spicycebolla_arrival_clurvy, layout_loops_corners,
          hellmonk_ecumenical_altar_run_dry,
          hangedman_abyss_or_decor_lesser_grid, chequers_mini_garden
D:2:      layout_loops_ring, wad_orctagon, uniq_crazy_yiuf_cottage
D:3:      layout_basic, grunt_qazlal_clouds, minmay_checkerbox

Skill      XL: |  1  2  3  4 |
---------------+-------------+-----
Fighting       | 1 2 3 |  3.5
Maces & Flails | 1 2 |  2.2
Staves         | |  4.5
Dodging        | |  1.7
Stealth        | |  1.0
Spellcasting   | |  1.0
Air Magic      | |  1.0

Action                     |  1- 3 |  4- 6 || total
---------------------------+-------+-------++-------
  Melee: Quarterstaff      |    83 |       ||    83
         Mace              |    17 |    26 ||    43
   Cast: Shock             |     2 |     4 ||     6
    Use: Potion            |     3 |       ||     3
   Stab: Sleeping          |     6 |     1 ||     7
 Armour: Leather armour    |    29 |    16 ||    45
         Robe              |     1 |       ||     1
         Skin              |     2 |       ||     2
  Dodge: Dodged            |    66 |    26 ||    92
